 Dungeon Crawl Stone Soup version 0.27-a0-585-g945025970d (webtiles) character file.

Game seed: 519602428539566182

235 Azunone the Chucker (level 5, -2/46 HPs)
             Began as a Troll Hunter on Mar 10, 2021.
             Was a Follower of Hepliaklqana.
             Slain by Grinder (6 damage)
             ... while paralysed by Grinder
             ... on level 3 of the Dungeon.
             The game lasted 00:05:30 (2067 turns).

Azunone the Chucker (Troll Hunter)                  Turns: 2067, Time: 00:05:30

Health: -2/46      AC:  4    Str: 21    XL:     5   Next: 76%
Magic:  4/4        EV:  1    Int:  7    God:    Hepliaklqana [*.....]
Gold:   68         SH:  0    Dex: 10    Spells: 4/4 levels left

rFire    . . .     SeeInvis .   e - +2 dagger (vamp)
rCold    . . .     Faith    .   (no shield)
rNeg     . . .     Spirit   .   b - +0 robe
rPois    .         Reflect  .   (helmet restricted)
rElec    .         Harm     .   (no cloak)
rCorr    .         Rampage  .   (gloves unavailable)
Will     .....                  (boots unavailable)
Stlth    +.........             (no amulet)
HPRegen  1.15/turn              (no ring)
MPRegen  0.09/turn              (no ring)

@: paralysed
A: large, unfitting armour, reduced essence, claws 3, regeneration 1, shaggy fur
1, tough skin 1
a: Renounce Religion, Recall Ancestor, Ancestor Identity


You were on level 3 of the Dungeon.
You worshipped Hepliaklqana.
Hepliaklqana was aware of your devotion.
You visited 1 branch of the dungeon, and saw 3 of its levels.

You collected 68 gold pieces.

Inventory:

Hand Weapons
 a - a +0 short sword
 e - a +2 vampiric dagger (weapon)
 f - a +0 club
Missiles
 c - 4 large rocks (quivered)
 d - 2 throwing nets
 h - 5 javelins
 i - 4 boomerangs
Armour
 b - a +0 robe (worn)
 j - a +0 pair of gloves
 n - a +0 buckler
Jewellery
 s - a ring of ice
Scrolls
 k - 4 scrolls of identify {unknown}
 m - a scroll of amnesia {unknown}
 o - a scroll of immolation {unknown}
 p - 2 scrolls of teleportation {unknown}
 q - a scroll of enchant armour {unknown}
 t - a scroll of enchant weapon {unknown}
Potions
 g - 3 potions of brilliance {unknown}
 l - a potion of degeneration {unknown}
 r - a potion of curing {unknown}
 u - 2 potions of lignification {unknown}
 v - a potion of heal wounds {unknown}


   Skills:
 + Level 2.9 Fighting
 + Level 2.1 Maces & Flails
 + Level 4.5 Throwing
 + Level 2.8 Dodging
 - Level 0.3 Stealth


You had 4 spell levels left.
You didn't know any spells.
Your spell library was empty.

Dungeon Overview and Level Annotations

Branches:
Dungeon (3/15)

Altars:
Hepliaklqana
Nemelex Xobeh
Qazlal

Annotations:
D:3 Grinder


Innate Abilities, Weirdness & Mutations

You are too large for most types of armour.
You have claws for hands.
Your natural rate of healing is unusually fast.
You are covered in fur. (AC +1)
You have tough skin. (AC +1)
Your life essence is reduced to manifest your ancestor. (-10% HP)


Message History

Grinder is moderately wounded.
Grinder hits you.
You writhe in agony.
You hit Grinder but do no damage.
Grinder is moderately wounded.
Grinder misses you.
You hit Grinder.
Grinder is moderately wounded.
Grinder misses you.
You hit Grinder but do no damage.
Grinder is moderately wounded.
Grinder barely misses you.
You barely miss Grinder.
Grinder is moderately wounded.
Grinder hits you.
You writhe in agony.
You closely miss Grinder.
Grinder is moderately wounded.
Grinder hits you but does no damage.
You hit Grinder but do no damage.
Grinder is moderately wounded.
Grinder hits you but does no damage.
You hit Grinder.
Grinder is moderately wounded.
Grinder gestures at you. Pain shoots through your body!
You closely miss Grinder.
Grinder is moderately wounded.
Grinder hits you but does no damage.
You hit Grinder but do no damage.
Grinder is moderately wounded.
Grinder gestures at you.
You suddenly lose the ability to move!
Grinder blinks!
Grinder hits you!
You writhe in agony.
Grinder hits you.
* * * LOW HITPOINT WARNING * * *
Grinder gestures at you. Pain shoots through your body!
* * * LOW HITPOINT WARNING * * *
Grinder hits you.
You die...

#### ..# ..# #.# #.#
#.############## ..
#....5@........##### .#
#.############.....# .# #.....#
#####.# .# #####.# #.# .# #.# ##
.# # #.###. .#####.####
#########.##.. ...........
#...>.........
.##.################.#####..<....


You could see Grinder.

Vanquished Creatures
  2 orc wizards (D:3)
  2 gnolls (D:3)
  4 adders
  2 oozes
  A worm (D:2)
  A dart slug (D:1)
  3 leopard geckos
  8 orcs
  8 bats
  2 giant cockroaches
  11 goblins
  6 hobgoblins
  14 jackals
  13 kobolds
  A quokka (D:2)
  2 frilled lizards
  8 rats
  A spectral orc (D:2)
89 creatures vanquished.

Vanquished Creatures (collateral kills)
  A gnoll (D:3)
  An orc (D:3)
  A bat (D:3)
  A kobold (D:2)
4 creatures vanquished.

Vanquished Creatures (others)
  2 ancestors (D:3)
2 creatures vanquished.

Grand Total: 95 creatures vanquished

Notes
Turn   | Place    | Note
-------+----------+-------------------------------------------
     0 | D:1      | Azunone the Troll Hunter began the quest for the Orb.
     0 | D:1      | Reached XP level 1. HP: 19/19 MP: 0/0
   124 | D:1      | Reached XP level 2. HP: 28/28 MP: 1/1
   407 | D:1      | Reached XP level 3. HP: 35/35 MP: 2/2
   524 | D:1      | Reached skill level 4 in Throwing
   674 | D:2      | Reached skill level 1 in Maces & Flails
   726 | D:2      | Reached XP level 4. HP: 37/42 MP: 3/3
  1013 | D:2      | Found a hazy altar of Hepliaklqana.
  1027 | D:2      | Became a worshipper of Hepliaklqana the Forgotten
  1465 | D:3      | Reached XP level 5. HP: 38/45 MP: 4/4
  1557 | D:3      | Found a sparkling altar of Nemelex Xobeh.
  1608 | D:3      | Found a stormy altar of Qazlal.
  1845 | D:3      | Reached * piety under Hepliaklqana
  2022 | D:3      | Noticed Grinder
  2062 | D:3      | Paralysed by Grinder for 6 turns
  2067 | D:3      | Slain by Grinder

Illustrated notes

Levels and vault maps discovered:
D:1:      minmay_arrival_split_and_join, layout_rooms, serial_glass,
          glass_columns_a, glass_columns_a, serial_bayou_pond_d
D:2:      layout_rooms, nicolae_hepliaklqana_monster_ancestors,
          chequers_serial_rivers_micro_a
D:3:      layout_loops_ring, lemuel_coloured_pillars_altar, old_standard_altar,
          uniq_grinder

Skill      XL: |  1  2  3  4  5 |
---------------+----------------+-----
Dodging        | 2 |  2.8
Fighting       | 2 |  2.9
Throwing       | 4 |  4.5
Maces & Flails | 1 2 |  2.1
Stealth        | |  0.3

Action                   |  1- 3 |  4- 6 || total
-------------------------+-------+-------++-------
Melee: Dagger            |   172 |   226 ||   398
       Short sword       |     4 |       ||     4
Throw: Large rock        |       |     2 ||     2
 Stab: Distracted        |       |     1 ||     1
       Sleeping          |       |     2 ||     2
Armor: Robe              |   105 |    37 ||   142
Dodge: Dodged            |   163 |   114 ||   277

Table legend: (Time is in decaauts)
 A = Elapsed time spent in this place.
 B = Non-inter-level travel time spent in this place.
 C = Inter-level travel time spent in this place.
 D = Time resting spent in this place.
 E = Time spent auto-exploring this place.
 F = Levels seen in this place.
 G = Mean time per level.
                   A        B        C        D        E       F      G
               +--------+--------+--------+--------+--------+-----+--------+
         Total |   2068 |   2018 |     50 |      0 |   1290 |   3 |  689.3 |
       Dungeon |   2068 |   2018 |     50 |      0 |   1290 |   3 |  689.3 |
               +--------+--------+--------+--------+--------+-----+--------+

Top non-repeatable levels by time:
     D:3: 762 daAuts
     D:2: 664 daAuts
     D:1: 641 daAuts
